Cogmind - Beta 15 @@@ ROGUE MODE // 2025.07.05 @ 14:31:19 Player: BlobtheGreat Result: Destroyed by as-50762 with Assembled Blade Performance ------------- Evolutions (0) 0 Regions Visited (2) 400 Robots Destroyed (34) 170 Value Destroyed (778) 778 Prototype IDs (0) 0 Alien Tech Used (0) 0 Bonus (0) 0 TOTAL SCORE: 1348 Bonus ------- None Cogmind --------- Core Integrity 0/250 Matter 284/300 Energy 158/160 System Corruption 0% Temperature Cool (0) Movement Walking (260) Ox2 Location -10/Mines Parts ------- > --- POWER (1) -------- Light Nuclear Core > --- PROPULSION (2) --- Aluminum Leg Aluminum Leg > --- UTILITY (2) ------ High-capacity Storage Unit Core Shielding > --- WEAPON (2) ------- Autogun Shotgun > --- INVENTORY (20) --- Light Treads Light Treads Light Treads Wheel Compact Wheel Improved Heat Sink Seismic Detector Seismic Detector Seismic Detector Light Armor Plating EM Pulse Gun Autogun Autogun Autogun Shotgun Shotgun Grenade Launcher Hammer Peak State ------------ > --- POWER ------------ Light Nuclear Core > --- PROPULSION ------- Light Treads Light Treads > --- UTILITY ---------- High-capacity Storage Unit Core Shielding > --- WEAPON ----------- Autogun Shotgun > --- INVENTORY -------- Light Treads Wheel Compact Wheel Improved Heat Sink Seismic Detector Seismic Detector Seismic Detector Light Armor Plating EM Pulse Gun Autogun Autogun Autogun Shotgun Shotgun Grenade Launcher Hammer [Rating: 13] Favorites ----------- Power Ion Engine Engine Ion Engine Power Core Light Nuclear Core Propulsion Aluminum Leg Treads Light Treads Leg Aluminum Leg Wheel Compact Wheel Utility High-capacity Storage Unit Device Seismic Detector Storage High-capacity Storage Unit Protection Core Shielding Weapon Shotgun Energy Gun Small Laser Ballistic Gun Shotgun Launcher Grenade Launcher Build | -11 -10 -10 ------- Run | Yrd Mat Min Slots Evolved . | . . . Power . | . . . Propulsion . | . . . Utility . | . . . Weapon . | . . . Parts Attached 27 | 8 11 8 Power 5 | 1 2 2 Engine 4 | 1 2 1 Core 1 | . . 1 Reactor . | . . . Propulsion 9 | 2 3 4 Treads 2 | . . 2 Leg 6 | 2 2 2 Wheel 1 | . 1 . Hover . | . . . Flight . | . . . Utility 5 | 2 3 . Device 1 | 1 . . Storage 3 | 1 2 . Processor . | . . . Hackware . | . . . Protection 1 | . 1 . Artifact . | . . . Weapon 8 | 3 3 2 Energy Gun 2 | 2 . . Energy Cannon . | . . . Ballistic Gun 5 | 1 3 1 Ballistic Cannon . | . . . Launcher 1 | . . 1 Special Weapon . | . . . Impact Weapon . | . . . Slashing Weapon . | . . . Piercing Weapon . | . . . Special Melee Weapon . | . . . Unidentified Prototypes . | . . . Parts Lost 8 | . 4 4 Power 3 | . 1 2 Propulsion 4 | . 2 2 Utility . | . . . Weapon 1 | . 1 . Highest Loss Streak 4 | . 4 4 To Critical Strikes . | . . . Average Backups 15 | 5 16 17 Power 1 | . 1 1 Propulsion 4 | 3 4 3 Utility 3 | . 4 5 Weapon 5 | . 6 8 Tool/Special . | . . . Unused Backups 13 | . 2 11 Power . | . . . Propulsion 2 | . . 2 Utility 4 | . . 4 Weapon 7 | . 2 5 Tool/Special . | . . . Average Slot Usage (%) 98 | . 99 94 Engine 12 | . 13 4 Treads 3 | . . 16 Leg 24 | . 27 10 Device 2 | . 2 . Storage 14 | . 14 14 Protection 11 | . 11 14 Energy Gun 5 | . 6 . Ballistic Gun 22 | . 21 25 Peak Build Rating 13 | 7 11 13 Average Rating 9 | 5 9 11 On Entrance 6 | . 7 11 Naked Turns . | . . . Heaviest Build 52 | 13 52 52 Greatest Support 40 | 20 20 40 Greatest Overweight (x) 5 | . 2 5 Average Overweight (x) 1 | . 1 1 Largest Inventory Capacity 20 | 8 20 20 Average Capacity 18 | 7 19 20 Most Carried 20 | 7 20 20 Average Carried 15 | 5 16 17 Final Capacity 20 | 8 20 20 Final Carried 20 | 7 20 18 Class Distribution -------------------- 100% | Mutant Dominant Class ---------------- Mutant | -10/Materials Mutant | -10/Mines Resources | -11 -10 -10 ----------- Run | Yrd Mat Min Matter Collected 821 | 301 352 168 Remotely . | . . . Salvage Created 1058 | 205 816 37 Parts 64 | 14 47 3 Haulers Intercepted 2 | . 2 . Recyclers Shooed 2 | 1 1 . Parts Field Recycled . | . . . Retrieved Matter . | . . . Parts Self-Destructed . | . . . Prevented . | . . . Kills | -11 -10 -10 ------- Run | Yrd Mat Min Combat Hostiles Destroyed 21 | . 14 7 Guns 18 | . 14 4 AOE 3 | . . 3 Classes Destroyed 9 | 2 4 3 Worker 1 | . 1 . Tunneler 7 | 7 . . Hauler 2 | . 2 . Recycler 2 | 1 1 . Watcher 3 | . 3 . Swarmer 3 | . . 3 Grunt 14 | . 14 . Demolisher 2 | . . 2 Assembled 2 | . . 2 Best Kill Streak 4 | 4 2 3 Combat Bots Only 3 | . 2 3 Max Kills in Single Turn 2 | 1 1 2 Gunslinging . | . . . Exploded 2 | . . 2 Melee . | . . . Uniques/NPCs Destroyed . | . . . Combat | -11 -10 -10 -------- Run | Yrd Mat Min Hostile Shots Fired 95 | . 68 27 Missed 21 | . 15 6 Hits 74 | . 53 21 Melee 2 | . . 2 Projectile 72 | . 53 19 AOE 14 | . . 14 Critical Strikes 1 | . 1 . Damage Taken 1342 | . 710 632 Core 271 | . 108 163 Absorbed by Shields . | . . . Redirected to Shielding 53 | . 21 32 Regen/Repaired (Parts) 17 | . 17 . Core Remaining (%) 100 | 100 . . Volleys Fired 119 | 21 83 15 Largest 2 | 2 2 2 Hottest 63 | 60 63 46 Shots Fired 222 | 41 153 28 Gun 220 | 41 153 26 Cannon . | . . . Launcher 2 | . . 2 Special . | . . . Kinetic 145 | 21 98 26 Thermal 74 | 19 55 . Explosive 2 | . . 2 Electromagnetic 1 | 1 . . Robot Hit Streak 13 | 4 13 7 Robot Miss Streak 4 | 3 4 2 Penetration Max . | . . . Secondary Targets 2 | . 1 1 Max Gunslinging Chain 1 | . 1 1 Shots Hit Robots 149 | 21 107 21 Core Hits 72 | 12 47 13 Critical Kills . | . . . Critical Parts Destroyed . | . . . Critical Strikes . | . . . Melee Attacks . | . . . Impact . | . . . Slashing . | . . . Piercing . | . . . Sneak Attacks . | . . . Combat Hostiles . | . . . Follow-up Attacks . | . . . Damage Inflicted 1926 | 206 1212 508 Guns 1708 | 206 1212 290 Cannons . | . . . Explosions 218 | . . 218 Melee . | . . . Ramming . | . . . Kinetic 1142 | 80 772 290 Thermal 551 | 111 440 . Explosive 218 | . . 218 Electromagnetic 15 | 15 . . Impact . | . . . Slashing . | . . . Piercing . | . . . Highest Corruption . | . . . Average Corruption . | . . . Corruption Purged . | . . . Corruption Blocked . | . . . Overload Shots . | . . . Overflow Damage 13 | . . 13 Projectiles . | . . . Explosions 13 | . . 13 Melee . | . . . Knockbacks . | . . . Impact . | . . . Kinetic . | . . . Secondary . | . . . Self-Inflicted Damage . | . . . Shots . | . . . Rammed . | . . . Targets Rammed . | . . . Kicked . | . . . Crushed . | . . . Highest Temperature 156 | 40 156 20 Average Temperature 40 | 16 51 7 Received Heat Transfer 408 | . 408 . Siege Activations . | . . . Martial Activations . | . . . Shielding Activations . | . . . Robots Disrupted . | . . . Combat Hostiles . | . . . Robots Corrupted . | . . . Combat Hostiles . | . . . Parts Fried . | . . . Impact Corruptions . | . . . Robots Melted . | . . . Combat Hostiles . | . . . Parts Melted 1 | . 1 . Heat Transferred 1250 | 250 1000 . Parts Sabotaged . | . . . Parts Stolen . | . . . Parts Stripped . | . . . Power Chain Reactions . | . . . Alert | -11 -10 -10 ------- Run | Yrd Mat Min Maximum Alert Level . | . . . Low Security (%) 100 | 100 100 100 Level 1 . | . . . Level 2 . | . . . Level 3 . | . . . Level 4 . | . . . Level 5 . | . . . High Security . | . . . Max Security . | . . . Peak Influence 84 | 10 68 84 Initial . | . . . Average 13 | 1 14 16 Influence Increases 635 | 40 461 134 Destroy 0b10 Robot/C 380 | . 280 100 Destroy 0b10 Robot/NC 75 | 40 35 . Destroy Leader 100 | . 80 20 Successful Hack 35 | . 35 . Destroy Structure 15 | . 1 14 Lose Combat Pursuer 30 | . 30 . Influence Decreases 635 | 40 461 134 Time Decay 523 | 40 389 94 Lost Part 80 | . 40 40 Purge Threat 32 | . 32 . Squads Dispatched 3 | . 3 . Investigation 2 | . 2 . Extermination . | . . . Reinforcement 1 | . 1 . Assault . | . . . Garrison . | . . . Intercept . | . . . Searches Triggered . | . . . Construction Impeded . | . . . Haulers Reinforced . | . . . Active Scanning Responses . | . . . Cargo Convoy Interrupts . | . . . Stealth | -11 -10 -10 --------- Run | Yrd Mat Min Distress Signals 3 | . 3 . Communications Jammed . | . . . Distress Signals . | . . . Times Spotted 35 | . 27 8 Peak Tracking Total 3 | . 3 3 Tactical Retreats 1 | . 1 . Traps | -11 -10 -10 ------- Run | Yrd Mat Min Traps Triggered 1 | . 1 . Indirectly . | . . . Trap Hack Attempts . | . . . Triggered . | . . . Disarmed . | . . . Reprogrammed . | . . . Reused . | . . . Traps Extracted . | . . . Installed . | . . . Triggered . | . . . Machines | -11 -10 -10 ---------- Run | Yrd Mat Min Machines Disabled . | . . . Max in Single Turn . | . . . Machines Repaired . | . . . Machines Dismantled . | . . . Machines Sabotaged . | . . . Overloaded Fab Kills . | . . . Hacking | -11 -10 -10 --------- Run | Yrd Mat Min Machines Accessed 8 | . 8 . Terminals 6 | . 6 . Fabricators . | . . . Repair Stations 1 | . 1 . Recycling Units 1 | . 1 . Scanalyzers . | . . . Garrison Access . | . . . Total Hacks 26 | . 26 . Successful 13 | . 13 . Failed 13 | . 13 . Catastrophic 1 | . 1 . Database Lockouts . | . . . Manual 19 | . 19 . Terminals 23 | . 23 . Fabricators . | . . . Repair Stations 2 | . 2 . Recycling Units 1 | . 1 . Scanalyzers . | . . . Garrison Access . | . . . Terminal Hacks 3 | . 3 . Robot Analysis 2 | . 2 . Unreport Threat 1 | . 1 . Fabricator Hacks . | . . . Repair Station Hacks 2 | . 2 . Scan Component 1 | . 1 . Repair 1 | . 1 . Recycling Unit Hacks 1 | . 1 . Retrieve Components 1 | . 1 . Scanalyzer . | . . . Garrison Access Hacks . | . . . Unauthorized Hacks 7 | . 7 . Terminals 7 | . 7 . Botnet 2 | . 2 . Skim 5 | . 5 . Fabricators . | . . . Repair Stations . | . . . Recycling Units . | . . . Scanalyzers . | . . . Garrison Access . | . . . Data Cores Recovered . | . . . Used . | . . . Hacking Detections 6 | . 6 . Full Trace Events . | . . . Feedback Events . | . . . Feedback Blocked . | . . . Robot Schematics Acquired . | . . . Robots Built . | . . . Authchips . | . . . Time . | . . . Total Robot Build Rating . | . . . Part Schematics Acquired . | . . . Parts Built . | . . . Authchips . | . . . Time . | . . . Total Part Build Rating . | . . . Parts Repaired 1 | . 1 . Time 26 | . 26 . Parts Recycled . | . . . Recycled Matter . | . . . Retrieved Matter . | . . . Retrieved Components 3 | . 3 . Parts Scanalyzed . | . . . Part Schematics Acquired . | . . . Parts Damaged . | . . . Bothacking | -11 -10 -10 ------------ Run | Yrd Mat Min Used RIF Installer . | . . . Robots Hacked . | . . . Non-combat . | . . . Combat . | . . . Robot Hacks Applied . | . . . Relay Couplers Released . | . . . Fabnet Peak Effective % . | . . . Robots Rewired . | . . . Allies Hacked . | . . . Hacks Repelled . | . . . Allies | -11 -10 -10 -------- Run | Yrd Mat Min Total Allies . | . . . Largest Group . | . . . Highest-Rated Group . | . . . Highest-Rated Ally . | . . . Total Orders . | . . . Ally Attacks . | . . . Total Damage . | . . . Kills . | . . . Allies Corrupted . | . . . Allies Melted . | . . . Intel | -11 -10 -10 ------- Run | Yrd Mat Min Active Infowar (turns) 433 | 38 395 . Seismic 433 | 38 395 . Robot Analysis Total 2 | . 2 . Derelict Logs Recovered 2 | . . 2 Drone Launches . | . . . Drone Recoveries . | . . . Exploration | -11 -10 -10 ------------- Run | Yrd Mat Min Turns Passed 2946 | 266 2160 520 Spaces Moved 963 | 161 612 190 Core 4 | 4 . . Treads 125 | . . 125 Legs 831 | 157 609 65 Wheels 3 | . 3 . Hover . | . . . Flight . | . . . Fastest Speed 50 | 50 120 240 Average Speed 230 | 118 254 247 Slowest Speed 470 | 120 260 470 Overloaded Moves . | . . . Propulsion Burnouts . | . . . Robots Hopped . | . . . Potential Cave-ins . | . . . Cave-ins Triggered . | . . . Exploration Rate (%) 53 | 7 94 59 Regions Visited 2 Branch Regions 1 Pre-discovered Areas 1 | . 1 . Known Exits Taken . | . . . Unknown Exits Taken 2 | 1 1 . Scrap Searched . | . . . Spaces Dug . | . . . Terrain Destroyed 23 | . . 23 Melee . | . . . Projectile . | . . . AOE 23 | . . 23 Terrain Rammed . | . . . Walls Destroyed . | . . . Machines Disabled . | . . . Actions | -11 -10 -10 --------- Run | Yrd Mat Min Total 1486 | 196 1075 215 Wait 344 | . 344 . Move 961 | 160 611 190 Hop . | . . . Pick Up 24 | 7 17 . Fast Attach 13 | 7 4 2 Attach 7 | . 3 4 Detach 3 | . 1 2 Swap 8 | 1 5 2 Drop 7 | . 7 . Fire 119 | 21 83 15 Melee . | . . . Ram . | . . . Kick . | . . . Crush . | . . . Escape Stasis . | . . . Rewire . | . . . Trap . | . . . Miscellaneous . | . . . Route ------- -11/Scrapyard -10/Materials (discovered 5 exits: [*Mat x3] / [*Min] / [*Sub]) -10/Mines History --------- Turn | Location | Event 8 | -11/Scrapyard | Discovered new exit (range 15) 267 | -11/Scrapyard | Entered Materials 317 | -10/Materials | Build established: Mutant 767 | -10/Materials | Derelicts attacked the area 942 | -10/Materials | Lost 4 parts (1p2n1w) 1070 | -10/Materials | Discovered new exit (range 10) 1116 | -10/Materials | Discovered new exit (range 16) 1396 | -10/Materials | Discovered new exit (range 15) 1479 | -10/Materials | Discovered new exit (range 9) 1524 | -10/Materials | Repaired Core Shielding 1848 | -10/Materials | Discovered new exit (range 16) 1862 | -10/Materials | Learned 2 Storage zone layouts 2071 | -10/Materials | Learned Storage garrison access intel 2120 | -10/Materials | Learned Storage trap positions 2182 | -10/Materials | Learned location of Storage (-7) 2268 | -10/Materials | Learned location of 3 exits from Materials 2326 | -10/Materials | Learned location of 1 exit from Storage 2427 | -10/Materials | Entered Mines 2438 | -10/Mines | Learned 4 Materials zone layouts 2477 | -10/Mines | Learned 4 Materials zone layouts 2556 | -10/Mines | Assembled infested the area 2587 | -10/Mines | Core integrity fell below 50% 2589 | -10/Mines | Core integrity fell below 20% 2627 | -10/Mines | Lost 4 parts (2p2n) 2947 | -10/Mines | Destroyed by as-50762 with Assembled Blade Last Messages --------------- 02595_ Switching to secondary target: D-53 Grenadier. 02596_ Ion Engine destroyed. 02596_ R-06 Scavenger destroyed. 02597_ D-53 Grenadier destroyed. 02600_ The unstable cave ceiling collapses. 02607_ Acquired 71 matter. 02608_ The unstable cave ceiling collapses. 02612_ Acquired 10 matter. 02614_ The unstable cave ceiling collapses. 02769_ as-64887 sneak attacks. 02769_ T-07 Excavator destroyed. 02772_ as-64887 destroyed. 02777_ Acquired 26 matter. 02794_ Destroyed Asb. Hover Unit. 02797_ as-16702 destroyed. 02800_ Acquired 17 matter. 02802_ Acquired 15 matter. 02921_ Acquired Aluminum Leg. 02929_ Acquired 20 matter. Map ----- +----------------------------------------------------+ | ## ##??## ### ##???????????? | | # # # ###??# #???????????? | | ###?## #???????????? | | # #??# ##???????????? | | = # ####?# ##????????????? | | = # #?# ########?????????????? | | # #### #?## =##????????????????????? | | ##??# #?## *%#?????????????????????? | | ###???# ### #?????????????????????? | | ##?????# #?????????????????????? | | ##?????# % #?????????????????????? | | ##?????# ### ##?????????????????????? | | ??????# ! #??## #########??????????????? | | ??????## |%##???# #??????????????? | | ???????## #????# ####### #??????????????? | | ????????# ???? #?????# ######?????????? | | ????????# ???%* #?????# #?????????? | | ????????###??!##%=#?????###### #?????????? | | ????????????#??# #??????????# #?????????? | | ???????????????# %#??????????# #?????????? | | ???????????????# #??????????# #?????????? | | ???????????????# %????????#### ######????? | | ???????????????# %